 Dungeon Crawl Stone Soup version 0.17.0-56-gd8de76c (webtiles) character file.

3546 Clownie the Cleaver (level 10, -8/84 HPs)
             Began as a Naga Fighter on Dec 5, 2015.
             Was a Believer of Cheibriados.
             Mangled by an orc warrior
             ... wielding a +0 long sword
              (9 damage)
             ... on level 8 of the Dungeon.
             The game lasted 00:11:54 (8872 turns).

Clownie the Cleaver (Naga Fighter)                  Turns: 8872, Time: 00:11:54

Health: -8/84      AC: 10    Str: 27    XL:     10   Next: 9%
Magic:  0/10       EV:  5    Int: 14    God:    Cheibriados [**....]
Gold:   301        SH:  0    Dex: 15    Spells: 0 memorised, 9 levels left

rFire  . . .     SeeInvis +     a - +0 war axe
rCold  . . .     Clarity  .     x - +0 plate armour
rNeg   + . .     SustAt   .     (no shield)
rPois  +         Gourm    .     (no helmet)
rElec  .         Spirit   +     (no cloak)
rCorr  .         Warding  .     t - +0 pair of gloves
rMut   .         Stasis   .     (no barding)
MR     +....                    p - amulet of guardian spirit
Stlth  ..........               G - ring of positive energy
                                f - ring of flight

@: short of breath, very slow, somewhat resistant to hostile enchantments,
extremely unstealthy
A: see invisible, deformed body, poison resistance, slowness 2, slow metabolism
1, spit poison 2, AC +3
a: Spit Poison, Bend Time, Renounce Religion, Evoke Flight


You were on level 8 of the Dungeon.
You worshipped Cheibriados.
Cheibriados was pleased with you.
You were very hungry.

You visited 2 branches of the dungeon, and saw 9 of its levels.

You collected 301 gold pieces.

Inventory:

Hand Weapons
 a - a +0 war axe (weapon)
Armour
 b - a +0 scale mail
 c - a +0 shield
 t - a +0 pair of gloves (worn)
 x - a +0 plate armour (worn)
Jewellery
 f - a ring of flight (left hand)
 i - an uncursed amulet of resist mutation
 p - an amulet of guardian spirit (around neck)
 G - a ring of positive energy (right hand)
Wands
 n - a wand of fireball (13)
Scrolls
 g - 3 scrolls of remove curse
 k - 2 scrolls of noise {unknown}
 m - a scroll of immolation {unknown}
 o - a scroll of random uselessness {unknown}
 q - 2 scrolls of fear {unknown}
 r - 3 scrolls of teleportation
 s - a scroll of magic mapping {unknown}
 y - 6 scrolls of identify {unknown}
 B - a scroll of amnesia
 C - 2 scrolls of blinking {unknown}
 D - 2 scrolls of fog {unknown}
 E - 3 scrolls of recharging {unknown}
Potions
 d - a potion of agility {unknown}
 h - 2 potions of flight {unknown}
 l - a potion of cancellation {unknown}
 v - a potion of brilliance {unknown}
 w - a potion of cure mutation {unknown}
 z - a potion of haste {unknown}
 A - a potion of magic {unknown}
 F - a potion of ambrosia {unknown}
 I - a potion of might
Comestibles
 e - 7 bread rations
 j - a beef jerky
 H - 4 meat rations
 J - a slice of pizza
 K - 2 mutagenic chunks of flesh


   Skills:
 - Level 3.0 Fighting
 - Level 12.0 Axes
 + Level 2.8 Armour
 - Level 6.3 Shields


You had 9 spell levels left.
You didn't know any spells.

Dungeon Overview and Level Annotations

Branches:
Dungeon (8/15)             Temple (1/1) D:4
   Lair: D:8-11

Altars:
Ashenzari
Cheibriados
Dithmenos
Elyvilon
Fedhas
Gozag
Kikubaaqudgha
Makhleb
Nemelex Xobeh
Okawaru
Qazlal
Ru
Sif Muna
Trog
Vehumet
Xom
Yredelemnul
Zin
The Shining One


Innate Abilities, Weirdness & Mutations

You cannot wear boots.
Your serpentine skin is tough (AC +3).
You have supernaturally acute eyesight.
Armour fits poorly on your strangely shaped body.
Your system is resistant to poisons.
You cover ground very slowly.
You have a slow metabolism.
You can spit poison.


Message History

The orc hits you but does no damage.
The sky beast hits you but does no damage.
Drink which item? (? for menu, Esc to quit)
You feel better. The orc hits you with a flail!
* * * LOW HITPOINT WARNING * * *
The orc warrior hits you with a long sword!
* * * LOW HITPOINT WARNING * * *
The orc hits you but does no damage.
The sky beast hits you but does no damage.
Unknown command.
You miss the sky beast.
The sky beast is almost dead.
You slash the orc!
You kill the orc!
Cheibriados thoroughly appreciates the change of pace.
Your plate armour prevents you from hitting the orc.
You hit the orc warrior.
The orc warrior is severely wounded.
The orc warrior hits you with a long sword!
You die...

....# ....#
##+##....#
#...#....#
#...#....##.
#####...........
........Y)......
#......@o......
#......o#'###..
#..$....# .. ######
####....# .# #....#
####.# # #....##
#.# #....#. ##'###
##...)#.
#....#######.......
#.........##.....##


You could see an orc warrior, a sky beast and an orc.

Vanquished Creatures
  Pikel (D:7)
  Joseph (D:7)
  The ghost of SanctumEques the Skirmisher, an amateur DsAK of Lugonu (D:4)
  A hippogriff (D:7)
  Eustachio (D:5)
  Menkaure (D:6)
  An ice beast (D:7)
  A slave (D:7)
  An ogre (D:4)
  2 phantoms
  2 orc warriors
  3 sky beasts
  A centaur (D:8)
  A giant frog (D:6)
  2 crimson imps (D:5)
  A quasit (D:7)
  A hound (D:7)
  5 orc priests
  6 orc wizards
  An iron imp (D:5)
  6 iguanas
  3 giant frog skeletons
  6 worker ants
  7 gnolls
  9 adders
  2 shadow imps
  An ooze (D:7)
  4 adder zombies
  An adder skeleton (D:4)
  5 worms
  5 giant geckos
  24 orcs
  A ball python (D:3)
  8 bats
  7 giant cockroaches
  8 goblins
  9 hobgoblins
  6 jackals (D:1)
  9 kobolds
  A giant gecko skeleton (D:4)
  8 giant newts
  8 quokkas
  A quokka skeleton (D:4)
  8 rats
181 creatures vanquished.

Notes
Turn   | Place    | Note
--------------------------------------------------------------
     0 | D:1      | Clownie the Naga Fighter began the quest for the Orb.
     0 | D:1      | Reached XP level 1. HP: 21/21 MP: 1/1
   244 | D:1      | Reached XP level 2. HP: 26/28 MP: 2/2
   398 | D:1      | Reached XP level 3. HP: 17/34 MP: 3/3
  1031 | D:1      | Reached skill level 4 in Axes
  1198 | D:2      | Reached XP level 4. HP: 39/42 MP: 4/4
  2044 | D:2      | Reached skill level 5 in Axes
  2293 | D:3      | Found a faded altar to an unknown god.
  2295 | D:3      | Reached XP level 5. HP: 49/49 MP: 5/5
  2505 | D:3      | Found an iron altar of Okawaru.
  3117 | D:4      | Found a staircase to the Ecumenical Temple.
  3124 | Temple   | Entered the Ecumenical Temple
  3447 | D:4      | Noticed an ogre
  3459 | D:4      | Killed an ogre
  3459 | D:4      | Reached skill level 6 in Axes
  3459 | D:4      | Reached XP level 6. HP: 5/56 MP: 1/6
  4084 | D:4      | Reached skill level 7 in Axes
  4351 | D:4      | Noticed SanctumEques's ghost (amateur DsAK)
  4361 | D:4      | Killed SanctumEques's ghost
  4361 | D:4      | Reached XP level 7. HP: 25/62 MP: 3/7
  4955 | D:4      | Reached skill level 5 in Shields
  5044 | D:5      | Entered Level 5 of the Dungeon
  5070 | D:5      | Noticed Eustachio
  5083 | D:5      | Killed Eustachio
  5083 | D:5      | Reached XP level 8. HP: 47/69 MP: 5/8
  5764 | D:5      | Got a slimy dagger
  5765 | D:5      | Identified the cursed +1 dagger of the Ecumenical Temple {elec, MP+9} (You found it on level 5 of the Dungeon)
  5977 | D:5      | HP: 2/69 [gnoll/halberd (14)]
  6392 | D:5      | Found a snail-covered altar of Cheibriados.
  6399 | D:5      | Reached skill level 8 in Axes
  6404 | D:5      | Became a worshipper of Cheibriados the Contemplative
  6828 | D:6      | Noticed Menkaure
  6845 | D:6      | Killed Menkaure
  7337 | D:6      | Reached XP level 9. HP: 72/75 MP: 7/9
  7417 | D:6      | Reached skill level 9 in Axes
  7593 | D:7      | Reached * piety under Cheibriados
  7603 | D:7      | HP: 3/75 [orc warrior/scimitar (13)]
  8110 | D:7      | Noticed Joseph
  8120 | D:7      | Killed Joseph
  8120 | D:7      | Reached skill level 10 in Axes
  8340 | D:7      | Reached ** piety under Cheibriados
  8447 | D:7      | Noticed Pikel
  8458 | D:7      | Killed Pikel
  8458 | D:7      | Reached skill level 11 in Axes
  8697 | D:7      | Reached XP level 10. HP: 67/84 MP: 6/10
  8829 | D:8      | Reached skill level 12 in Axes
  8871 | D:8      | HP: 1/84 [orc warrior/long sword (7)]
  8872 | D:8      | Mangled by an orc warrior

Action                   |  1- 3 |  4- 6 |  7- 9 | 10-12 || total
-------------------------+-------+-------+-------+-------++-------
Melee: War axe           |   122 |   162 |   378 |    26 ||   688
 Abil: Spit Poison       |    17 |    20 |     7 |     1 ||    45
       Evoke Flight      |       |     1 |       |       ||     1
  Use: Scroll            |       |     3 |     1 |       ||     4
       Potion            |       |     1 |     7 |     1 ||     9
  Eat: Chunk             |     1 |     8 |     8 |       ||    17
       Royal jelly       |       |     1 |       |       ||     1
       Pizza             |       |       |     2 |       ||     2
